 Dungeon Crawl Stone Soup version 0.28.0-53-g5a82cb258f (webtiles) character file.

Game seed: 1611454580283109493

63 Metae the Conjurer (level 3, -1/19 HPs)
             Began as a Deep Elf Conjurer on July 11, 2022.
             Slain by a goblin
             ... wielding a +0 club
             ... led by Robin
              (5 damage)
             ... on level 2 of the Dungeon.
             The game lasted 00:12:01 (1848 turns).

Metae the Conjurer (Deep Elf Conjurer)              Turns: 1848, Time: 00:12:01

Health: -1/19      AC:  2    Str:  4    XL:     3   Next: 89%
Magic:  6/10       EV: 12    Int: 24    God:
Gold:   99         SH:  0    Dex: 13    Spells: 7/10 levels left

rFire   . . .      SeeInvis .   (no weapon)
rCold   . . .      Faith    .   g - orb {mayhem}
rNeg    . . .      Spirit   .   a - +0 robe
rPois   .          Reflect  .   (no helmet)
rElec   .          Harm     .   (no cloak)
rCorr   .          Rampage  .   (no gloves)
Will    .....                   (no boots)
Stlth   ++........              (no amulet)
HPRegen 0.06/turn               (no ring)
MPRegen 0.12/turn               (no ring)

@: no status effects
A: no striking features
a: no special abilities


You were on level 2 of the Dungeon.
You visited 1 branch of the dungeon, and saw 3 of its levels.

You collected 99 gold pieces.

Inventory:

Hand Weapons
 c - a +0 dagger
 f - a +0 dagger
 k - a +0 hunting sling
Missiles
 d - 53 stones
Armour
 a - a +0 robe (worn)
 g - an orb of mayhem (worn)
Scrolls
 b - 2 scrolls of identify {unknown}
 e - a scroll of fog {unknown}
 h - a scroll of fear {unknown}
 i - 2 scrolls of teleportation {unknown}
 j - a scroll of vulnerability {unknown}


   Skills:
 - Level 2.4 Dodging
 + Level 3.7 Stealth
 + Level 4.1 Spellcasting
 + Level 5.0 Conjurations


You had 7 spell levels left.
You knew the following spells:

 Your Spells              Type           Power      Damage    Failure   Level
a - Magic Dart            Conj           100%       1d8       1%          1
b - Searing Ray           Conj           58%        2d6       1%          2

Your spell library contained the following spells:

 Spells                   Type           Power      Damage    Failure   Level
 Dazzling Flash           Conj/Hex       34%        N/A       11%         3
 Fulminant Prism          Conj/Hex       8%         3d7       34%         4
 Iskenderun's Mystic Bla  Conj/Tloc      17%        2d5       34%         4


Dungeon Overview and Level Annotations

Branches:
Dungeon (3/15)

Altars:

Shops:
D:2 (


Message History

The hobgoblin is almost dead.
Casting: Magic Dart (safe; 1% risk of failure)
Confirm with . or Enter, or press ? or * to list all spells.
Aiming: Magic Dart (safe; 1% risk of failure)
Press: ? - help, Shift-Dir - straight line, f/p - hobgoblin
Aim: a hobgoblin (almost dead, 100% to hit)
The magic dart hits the hobgoblin!
You kill the hobgoblin!
i - 2 scrolls labelled ZOSTRE FYPS (gained 1)
Found a stone staircase leading up.
Found 15 gold pieces.
Found 22 stones.
You now have 99 gold pieces (gained 15). 3 goblins and a hobgoblin come into view.
The hobgoblin shouts!
You hear a shout! x3
You see here 22 stones.
There is a stone staircase leading up here.
Casting: Magic Dart (safe; 1% risk of failure)
Confirm with . or Enter, or press ? or * to list all spells.
Aiming: Searing Ray (safe; 1% risk of failure)
Press: ? - help, Shift-Dir - straight line, f - hobgoblin
Aim: a hobgoblin (79% to hit)
The searing ray hits the hobgoblin but does no damage. (Press . to maintain the ray.)
The searing ray hits the hobgoblin.
You kill the hobgoblin!
The goblin flies into a frenzy!
The goblin shouts!
The searing ray misses the goblin.
You finish channelling your searing ray.
The goblin hits you with a +0 club. The goblin hits you with a +0 club.
The goblin hits you with a +0 club. x2
* * * LOW HITPOINT WARNING * * *
The goblin hits you but does no damage.
You climb upwards.
There is a stone staircase leading down here.
The goblin shouts!
The goblin hits you with a +0 club.
You die...

...............##
...............###
.................#
...............#.#######
.......................#
###########.#..#.#####.#
................>#..##.#
###########....#g#.....#
###########.#.#@#.#####
#....)..# #.###.#.#
#.......# #.....#.#
#.......# #######.#
#.......# #.#
#.......#########.#
#.................#
##.........†.....###
................[#


You could see a neutral goblin (fast, strong, insane).

Vanquished Creatures
  An adder (D:2)
  5 bats
  3 endoplasms
  11 giant cockroaches
  4 goblins (D:1)
  7 hobgoblins
  4 ball pythons
  2 frilled lizards
  7 kobolds
  4 rats (D:1)
48 creatures vanquished.

Notes
Turn   | Place    | Note
-------+----------+-------------------------------------------
     0 | D:1      | Metae the Deep Elf Conjurer began the quest for the Orb.
     0 | D:1      | Reached XP level 1. HP: 10/10 MP: 6/6
   295 | D:1      | Reached XP level 2. HP: 15/15 MP: 6/8
   400 | D:1      | Learned a level 2 spell: Searing Ray
   661 | D:1      | Reached XP level 3. HP: 19/19 MP: 2/10
  1305 | D:2      | Found Dovosah's Antique Weapon Shoppe.
  1323 | D:2      | Reached skill level 5 in Conjurations
  1848 | D:2      | Slain by a goblin

Illustrated notes

Levels and vault maps discovered:
D:1:      dpeg_arrival_central, layout_basic, chequers_serial_rivers_micro_b,
          st_stairs_3
D:2:      layout_basic, serial_shops, shop, minmay_worlds_worst_comb
D:3:      layout_loops_corners, lemuel_tele_altar,
          nicolae_ru_great_annihilating_truth, gammafunk_ghost_smash,
          corner_web_ring, minmay_misc_feat_pillars, serial_bayou_pond_d,
          uniq_robin

Skill      XL: |  1  2  3 |
---------------+----------+-----
Stealth        | 3 |  3.7
Spellcasting   | 4 |  4.1
Conjurations   | 5 |  5.0
Dodging        | |  2.4

Action                   || total
-------------------------++-------
 Cast: Magic Dart        ||    73
       Searing Ray       ||     3
  Use: Potion            ||     1
Armor: Robe              ||     1
Dodge: Dodged            ||     8
